 Dungeon Crawl Stone Soup version 0.23-b1-67-g8bd44de8e4 (webtiles) character file.

Game seed: 18291894508169965495

214 McKennaii the Ruffian (level 5, -1/40 HPs)
             Began as a Draconian Transmuter on Feb 6, 2019.
             Killed from afar by an orc wizard (6 damage)
             ... with a magic dart
             ... on level 2 of the Dungeon.
             The game lasted 00:08:17 (3920 turns).

McKennaii the Ruffian (Draconian Transmuter)        Turns: 3920, Time: 00:08:18

Health: -1/40      AC:  6    Str: 18    XL:     5   Next: 59%
Magic:  8/8        EV: 11    Int: 14    God:
Gold:   224        SH:  0    Dex: 11    Spells: 5/8 levels left

rFire    . . .     SeeInvis +     - Unarmed
rCold    . . .     Gourm    .   (no shield)
rNeg     . . .     Faith    .   (armour unavailable)
rPois    .         Spirit   .   (helmet restricted)
rElec    .         Reflect  .   (no cloak)
rCorr    .         Harm     .   g - +0 pair of gloves
MR       .....                  (no boots)
Stlth    +.........             (no amulet)
HPRegen  0.13/turn              (no ring)
MPRegen  0.11/turn              d - ring of see invisible

@: mighty, very slightly contaminated, slowed, heavily drained, invisible, very
slow
A: unfitting armour, cold-blooded, AC +5
a: no special abilities


You were on level 2 of the Dungeon.
You were hungry.

You visited 1 branch of the dungeon, and saw 3 of its levels.

You collected 224 gold pieces.

Inventory:

Missiles
 a - 50 arrows
Armour
 g - a +0 pair of gloves (worn)
Jewellery
 d - a ring of see invisible (right hand)
 i - an uncursed ring of magical power {unknown}
Wands
 k - a wand of flame (27)
Scrolls
 h - 2 scrolls of identify {unknown}
 l - a scroll of random uselessness {unknown}
Comestibles
 c - 5 rations


   Skills:
 + Level 1.3(0.0) Fighting
 + Level 3.5(0.9) Dodging
 + Level 0.1(0.0) Stealth
 + Level 4.3(1.5) Unarmed Combat
 + Level 2.3(0.0) Spellcasting
 * Level 3.1(0.5) Transmutations


You had 5 spell levels left.
You knew the following spells:

 Your Spells              Type           Power        Failure   Level  Hunger
a - Beastly Appendage     Tmut           #.....       24%         1    ##.....
b - Sticks to Snakes      Tmut           #.......     34%         2    ###....

Your spell library contained the following spells:

 Spells                   Type           Power        Failure   Level  Hunger
 Spider Form              Tmut/Pois      #.........   61%         3    ####...
 Ice Form                 Ice/Tmut       #.......     95%         4    #####..
 Blade Hands              Tmut           #.........   100%        5    ######.


Dungeon Overview and Level Annotations

Branches:
Dungeon (3/15)

Altars:
Makhleb
Trog

Annotations:
D:3 Grinder


Innate Abilities, Weirdness & Mutations

Your plain brown scales are hard. (AC +5)
You cannot fit into any form of body armour.
You are cold-blooded and may be slowed by cold attacks.


Message History

You fade into invisibility!
The orc wizard hits you but does no damage.
The orc wizard misses you.
You are very lightly contaminated with residual magic.
You strike the helpless orc wizard from behind!
You hit the orc wizard but do no damage.
You miss the orc wizard. The orc wizard closely misses you.
The orc wizard hits you with a +2 dagger of protection.
* * * LOW HITPOINT WARNING * * *
The orc wizard hits you but does no damage.
You feel very mighty all of a sudden. The orc wizard closely misses you.
The orc wizard barely misses you. x2
You are too injured to fight recklessly!
You barely miss the orc wizard.
The orc wizard gestures at you while chanting.
The magic dart hits you.
* * * LOW HITPOINT WARNING * * *
The orc wizard casts a spell at you. The magic dart hits you.
You die...

######### #####......[###
#..........>..# #######
#.###)####....#
......#######.###.###.....#######
#####....(....(.@o..<.......(....
#.#######)##.####......###### #.#
#)##.# ##.....# ##.. #.# #.##.#
##.#..###.## #.#######.##.#
#.o........ #..÷h....(##.#
###..#.#.#. #.##########.#
######..#.##.. #>######## #.#
#.......<.###. #........# #.#
#.####..### #.


You could see an orc wizard.

Vanquished Creatures
  Jessica (D:2)
  Ijyb (D:3)
  Robin (D:1)
  5 adders
  An ooze (D:3)
  3 dart slugs (D:1)
  4 leopard geckos
  5 orcs
  9 bats
  3 giant cockroaches
  15 goblins
  4 hobgoblins
  7 jackals
  9 kobolds
  A quokka (D:2)
  A ball python (D:1)
  4 frilled lizards
  14 rats
88 creatures vanquished.

Notes
Turn   | Place    | Note
-------+----------+-------------------------------------------
     0 | D:1      | McKennaii the Draconian Transmuter began the quest for the
                  | Orb.
     0 | D:1      | Reached XP level 1. HP: 16/16 MP: 3/3
   220 | D:1      | Reached XP level 2. HP: 21/23 MP: 3/5
   507 | D:1      | Reached XP level 3. HP: 25/28 MP: 6/6
  1212 | D:2      | HP: 1/28 [poisoned by an adder]
  1258 | D:2      | Noticed Jessica
  1345 | D:2      | Reached XP level 4. HP: 24/35 MP: 5/7
  1503 | D:2      | Found a burning altar of Makhleb.
  1539 | D:2      | Killed Jessica
  1820 | D:2      | Found a bloodstained altar of Trog.
  1960 | D:2      | Reached skill level 4 in Unarmed Combat
  1972 | D:2      | Noticed Robin
  2012 | D:1      | Killed Robin
  2012 | D:1      | Reached XP level 5. HP: 22/40 MP: 6/8
  2791 | D:3      | Learned a level 2 spell: Sticks to Snakes
  2799 | D:3      | Noticed Ijyb
  2831 | D:3      | Killed Ijyb
  3524 | D:3      | Noticed Grinder
  3526 | D:3      | Paralysed by Grinder for 5 turns
  3912 | D:2      | HP: 2/40 [orc wizard/+2 dagger of protection (3)]
  3920 | D:2      | Killed from afar by an orc wizard

Skill      XL: |  1  2  3  4 |
---------------+-------------+-----
Dodging        | 2 3 |  3.5
Transmutations | 3 |  3.1
Unarmed Combat | 4 |  4.3
Fighting       | |  1.3
Stealth        | |  0.1
Spellcasting   | |  2.3

Action                   |  1- 3 |  4- 6 || total
-------------------------+-------+-------++-------
Melee: Unarmed           |   220 |   230 ||   450
       Tailslap          |    13 |    21 ||    34
       Punch             |     4 |     1 ||     5
       Headbutt          |     3 |     4 ||     7
       Kick              |     6 |    12 ||    18
 Cast: Beastly Appendage |     9 |    14 ||    23
  Use: Scroll            |     3 |     3 ||     6
       Potion            |     2 |     4 ||     6
 Stab: Sleeping          |     1 |     2 ||     3
       Invisible         |       |     1 ||     1
  Eat: Chunk             |     2 |     5 ||     7
       Ration            |       |     1 ||     1
Armor: Skin              |    96 |    71 ||   167
Dodge: Dodged            |   152 |   138 ||   290
